AoeStats
← ekansdilos_

Arena

510315967Analyzed
2v2 RM · 1d ago on Sep 30, 2026· 50m 2s· 4 players
Game mode
Random Map
Map size
Medium (4 player)
Population
200
Speed
Normal
Resources
Standard
Victory
Conquest
Starting age
Dark Age
Ending age
Imperial Age
RankedLock teamsTeams togetherTeam positionsShared explorationLock speedFull tech treeHidden civsTurbo modeCheats
Victory
Defeat
🇪🇸 Turks · Spain
655
+16
🇷🇸 Byzantines · Serbia
643
+16
🇩🇪 Spanish · Germany
729
-27
🇧🇷 Teutons · Brazil
577
-13
Seeker
10:48 Feudal Age
11:31 Double-Bit Axe
19:13 Castle Age
17:59 Horse Collar
18:19 Gold Mining
20:56 Wheelbarrow
24:06 Gold Shaft Mining
23:52 Bow Saw
25:12 Scale Barding Armor
30:30 Forging
32:05 Heavy Plow
36:21 Imperial Age
35:26 Iron Casting
36:25 Chain Barding Armor
36:37 Stone Mining
39:32 Elite Cataphract
42:13 Plate Barding Armor
45:08 Crop Rotation
46:42 Logistica
46:55 Conscription
47:54 Elite Skirmisher
50:25 Two-Man Saw
ekansdilos_
0:33 Loom
10:36 Feudal Age
11:30 Town Watch
14:01 Wheelbarrow
13:19 Double-Bit Axe
21:30 Castle Age
21:08 Stone Mining
23:25 Town Patrol
26:28 Horse Collar
28:20 Fletching
28:33 Padded Archer Armor
31:27 Murder Holes
32:28 Hand Cart
34:23 Fortified Wall
37:51 Imperial Age
37:03 Leather Archer Armor
39:20 Conscription
38:21 Elite Janissary
40:06 Ring Archer Armor
39:52 Bow Saw
39:50 Heavy Plow
40:03 Gold Mining
44:02 Sanctity
43:52 Fervor
43:35 Arrowslits
44:14 Bombard Tower
44:05 Masonry
45:08 Hoardings
48:08 Caravan
SPILA HASHIMOTO
6:51 Loom
10:33 Feudal Age
14:18 Wheelbarrow
13:30 Town Watch
13:41 Horse Collar
18:03 Gold Mining
18:04 Stone Mining
24:52 Castle Age
26:26 Gambesons
26:42 Squires
32:22 Fortified Wall
32:08 Guard Tower
32:28 Town Patrol
36:26 Hand Cart
36:12 Double-Bit Axe
39:03 Coinage
38:38 Caravan
39:39 Pikeman
41:43 Bow Saw
42:59 Ironclad
43:10 Fletching
43:21 Padded Archer Armor
43:22 Scale Mail Armor
43:34 Forging
43:30 Scale Barding Armor
46:36 Imperial Age
43:54 Elite Skirmisher
47:25 Bloodlines
46:45 Cavalier
Katz
11:18 Feudal Age
13:03 Bloodlines
15:39 Wheelbarrow
22:02 Castle Age
21:07 Double-Bit Axe
21:15 Gold Mining
32:09 Imperial Age
32:39 Bow Saw
35:23 Caravan
36:51 Cavalier
37:18 Horse Collar
Connection lost

Rejoining the realm…

Still unreachable

The connection could not be restored.

Session expired

The server has moved on; the page needs a fresh start.